 Dungeon Crawl Stone Soup version 0.28.0-53-g5a82cb258f (webtiles) character file.

Game seed: 16568999522074887918

79 Sin92 the Skirmisher (level 4, -3/35 HPs)
             Began as a Demonspawn Fighter on July 7, 2022.
             Killed from afar by Natasha (8 damage)
             ... with a magic dart
             ... on level 3 of the Dungeon.
             The game lasted 00:02:02 (2125 turns).

Sin92 the Skirmisher (Demonspawn Fighter)           Turns: 2125, Time: 00:02:02

Health: -3/35      AC:  6    Str: 18    XL:     4   Next: 16%
Magic:  4/4        EV:  9    Int: 10    God:
Gold:   91         SH:  4    Dex: 12    Spells: 3/3 levels left

rFire   . . .      SeeInvis .   a - +1 war axe
rCold   . . .      Faith    .   c - +0 buckler
rNeg    . . .      Spirit   .   b - +0 scale mail
rPois   .          Reflect  .   (no helmet)
rElec   .          Harm     .   (no cloak)
rCorr   .          Rampage  .   (no gloves)
Will    .....                   (no boots)
Stlth   ..........              (no amulet)
HPRegen 0.11/turn               (no ring)
MPRegen 0.09/turn               (no ring)

@: mighty, slowed, studying Fighting, very slow
A: claws 1, powered by death 2
a: no special abilities


You were on level 3 of the Dungeon.
You visited 1 branch of the dungeon, and saw 3 of its levels.

You collected 91 gold pieces.

Inventory:

Hand Weapons
 a - a +1 war axe (weapon)
Armour
 b - a +0 scale mail (worn)
 c - a +0 buckler (worn)
Scrolls
 e - a scroll of amnesia {unknown}
Potions
 d - a potion of might
 f - a potion of heal wounds
 g - a potion of haste {unknown}
 j - a potion of curing {unknown}


   Skills:
 + Level 3.4 Fighting
 * Level 2.9 Axes
 + Level 3.1 Armour
 + Level 3.1 Shields


You had 3 spell levels left.
You didn't know any spells.
Your spell library was empty.

Dungeon Overview and Level Annotations

Branches:
Dungeon (3/15)

Altars:

Annotations:
D:3 Natasha


Innate Abilities, Weirdness & Mutations

You have sharp fingernails.
You regenerate health from kills.


Message History

You barely miss the orc.
The orc is almost dead.
You barely miss Natasha. Natasha casts a spell at you. The magic dart hits you.
The orc barely misses you. Natasha claws you but does no damage.
The orc hits you with a +0 hand axe.
Unknown command.
You barely miss the orc.
The orc is almost dead.
You closely miss Natasha. Natasha closely misses you.
You block the orc's attack.
Natasha howls an incantation.
Natasha glows brightly for a moment.
Natasha barely misses you. The orc hits you with a +0 hand axe.
Natasha closely misses you.
You are too injured to fight recklessly!
You are too injured to fight recklessly!
You feel very mighty all of a sudden. The orc hits you with a +0 hand axe.
Natasha claws you.
* * * LOW HITPOINT WARNING * * *
The orc closely misses you.
You slash Natasha!
Natasha is severely wounded.
You barely miss the orc. Natasha claws you.
* * * LOW HITPOINT WARNING * * *
You block the orc's attack. Natasha claws you but does no damage.
The orc barely misses you.
You closely miss Natasha.
Natasha is severely wounded.
You closely miss the orc. Natasha claws you.
* * * LOW HITPOINT WARNING * * *
The orc closely misses you.
Natasha mumbles some strange words.
You block the orc's attack.
You barely miss the orc.
The orc is almost dead.
You closely miss Natasha. You hit the crimson imp.
Natasha casts a spell at you. The magic dart hits you!
You die...

.....#......##..##.#.
#...#.##.....#.##.#. .
#...##...#...##.#. ..
#........##.......
...####........#..#+#..<
........#........## ##..
........#........# #..
.......5........## ##.
......h@........# #.
......o<........+ #.
.........#####.## ##
.......... .#
###.......# # #........
######...# .?..


You could see Natasha, a crimson imp (summoned) and an orc.

Vanquished Creatures
  3 adders (D:2)
  2 worms (D:2)
  2 dart slugs (D:2)
  3 bats
  5 endoplasms
  2 giant cockroaches
  3 goblins
  4 hobgoblins
  3 kobolds
  5 quokkas
  2 ball pythons
  A frilled lizard (D:1)
  5 rats
40 creatures vanquished.

Notes
Turn   | Place    | Note
-------+----------+-------------------------------------------
     0 | D:1      | Sin92 the Demonspawn Fighter began the quest for the Orb.
     0 | D:1      | Reached XP level 1. HP: 18/18 MP: 1/1
   165 | D:1      | Found a faded altar of an unknown god.
   229 | D:1      | Gained mutation: You have sharp fingernails. [demonic
                  | ancestry]
   229 | D:1      | Reached XP level 2. HP: 18/24 MP: 2/2
   958 | D:2      | Gained mutation: You regenerate a little health from kills.
                  | [demonic ancestry]
   958 | D:2      | Reached XP level 3. HP: 24/29 MP: 3/3
  1416 | D:2      | Gained mutation: You regenerate health from kills. [demonic
                  | ancestry]
  1416 | D:2      | Reached XP level 4. HP: 31/35 MP: 4/4
  1918 | D:2      | Identified a scroll of acquirement
  1918 | D:2      | Acquired a manual of Fighting
  2114 | D:3      | Noticed Natasha
  2125 | D:3      | Killed from afar by Natasha

Illustrated notes

Levels and vault maps discovered:
D:1:      saegor_arrival_simple_e, layout_loops_ring,
          dreamdust_ecumenical_altar_angels_and_demons
D:2:      layout_basic, feat_on_display
D:3:      layout_rooms, mainiacjoe_overflow_catwalk_spiral,
          nemelex_dance_club_becter, serial_corexii_hall,
          corexii_hall_statues_deadend, corexii_hall_statues_x,
          corexii_hall_statues_x, hex_intersection, minmay_divided_ellipse,
          uniq_natasha, uniq_jessica

Skill      XL: |  1  2  3 |
---------------+----------+-----
Axes           | 2 |  2.9
Armour         | 3 |  3.1
Shields        | 3 |  3.1
Fighting       | |  3.4

Action                   |  1- 3 |  4- 6 || total
-------------------------+-------+-------++-------
Melee: War axe           |    91 |    35 ||   126
  Use: Scroll            |       |     6 ||     6
       Potion            |       |     1 ||     1
Armor: Scale mail        |    34 |    19 ||    53
Dodge: Dodged            |    49 |    17 ||    66
Block: Buckler           |    14 |     9 ||    23
